 Dungeon Crawl Stone Soup version 0.31.0-12-g77e489cdc1 (webtiles) character file.

Game seed: 2250792951883859659

316432 spaghetti the Slayer (level 21, -10/253 (257) HPs)
             Began as a Naga Chaos Knight on Feb 28, 2024.
             Was a Favourite Plaything of Xom.
             Killed by the air
             ... invoked by a titan
              (17 damage)
             ... on level 5 of the Vaults on Feb 29, 2024.
             The game lasted 01:32:47 (53841 turns).

spaghetti the Slayer (Naga Chaos Knight)           Turns: 53841, Time: 01:32:48

HP:   -10/253 (257) AC: 39    Str: 29    XL:     21   Next: 77%
MP:   0/23          EV: 12    Int: 21    God:    Xom [*.....]
Gold: 6422          SH: 24    Dex: 17    Spells: 20/20 levels left

rFire   + + +        q - +7 morningstar "Caympus" {speed, ^Contam rF+ Str+4}
rCold   + + +        r - +2 tower shield {AC+3}
rNeg    . . .        w - +7 Kryia's mail coat {PotionHeal*2 rC+}
rPois   +            H - +0 hat
rElec   +            h - scarf {rC+ rF+}
rCorr   .            K - +2 pair of gloves
SInv    +            F - +0 barding {Fly}
Will    ++...        f - amulet of guardian spirit
Stlth   +            d - ring "Fib Vont" {rC+ Str+6}
HPRegen 0.62/turn    j - +4 ring of slaying
MPRegen 0.18/turn

%: clarity, guardian spirit
@: lethally poisoned (-10 -> -15), flying, lightly drained, very slow
A: AC +7, large, see invisible, deformed body, poison resistance, slowness 2,
spit poison 2, naga tail 2, antennae 1, claws 1, stinger 3, iridescent scales 3,
agile 2, clarity, clever 2, cold resistance 3, deterioration 1, fire resistance
2, high MP 1, robust 1, shaggy fur 1, electricity resistance, wild magic 2,
sturdy frame 1
}: 1/15 runes: decaying
a: Breathe Poison Gas, Renounce Religion


You were on level 5 of the Vaults.
You worshipped Xom.
You were a special plaything of Xom.
You visited 7 branches of the dungeon, and saw 36 of its levels.
You also visited: Bailey.

You collected 6990 gold pieces.
You spent 568 gold pieces at shops.

Inventory:

Hand Weapons
 q - the +7 morningstar "Caympus" (weapon) {speed, ^Contam rF+ Str+4}
   (You found it in a bailey)

   Str+4:     It affects your strength (+4).
   rF+:       It protects you from fire.
   ^Contam:   It causes magical contamination when unequipped.
Armour
 h - a scarf of resistance (worn)
 r - a +2 tower shield of protection (worn)
 w - the +7 Kryia's mail coat (worn) {PotionHeal*2 rC+}
   (You found it in a bailey)

   PotionHeal*2: Potions heal its wearer twice as much.
   rC+:       It protects you from cold.
 F - a +0 barding of flying (worn)
 H - a +0 hat (worn)
 K - a +2 pair of gloves (worn)
Jewellery
 c - a +4 ring of protection
 d - the ring "Fib Vont" (left hand) {rC+ Str+6}
   (You took it off a deep elf archer on level 1 of the Elven Halls)

   [ring of strength]

   Str+6:     It affects your strength (+6).
   rC+:       It protects you from cold.
 f - an amulet of guardian spirit (around neck)
 j - a +4 ring of slaying (right hand)
 u - a ring of wizardry
 V - a +6 ring of dexterity
 X - a ring of positive energy
Talismans
 S - the serpent talisman of Duextaixish {rElec Int+2 Dex+2}
   (You took it off Aizul on level 1 of the Snake Pit)

   [serpent talisman]

   Int+2:     It affects your intelligence (+2).
   Dex+2:     It affects your dexterity (+2).
   rElec:     It insulates you from electricity.
Wands
 a - a wand of light (4)
 g - a wand of flame (24)
 s - a wand of roots (31)
 E - a wand of polymorph (14)
 G - a wand of digging (25)
 M - a wand of charming (23)
 Q - a wand of mindburst (17)
Scrolls
 e - 4 scrolls of revelation
 k - 6 scrolls of immolation
 l - 4 scrolls of silence
 m - 4 scrolls of enchant weapon
 o - 11 scrolls of vulnerability
 y - 3 scrolls of torment
 z - 18 scrolls of identify
 A - 3 scrolls of noise
 J - 6 scrolls of amnesia
 L - 4 scrolls of enchant armour
 Z - 3 scrolls of poison
Potions
 i - 4 potions of magic
 n - 6 potions of mutation
 v - 2 potions of cancellation
 O - 2 potions of enlightenment
 U - a potion of might
 W - 2 potions of brilliance
Miscellaneous
 C - a box of beasts (inert)
 P - a tin of tremorstones (inert)
 T - a phantom mirror (inert)
 Y - a condenser vane (inert)


   Skills:
 - Level 24.1 Fighting
 - Level 11.6 Armour
 - Level 11.5 Dodging
 + Level 20.0 Shields
 - Level 8.0 Unarmed Combat
 - Level 7.0 Evocations


You had 20 spell levels left.
You didn't know any spells.
Your spell library contained the following spells:

 Spells                   Type           Power      Damage    Failure   Level
 Apportation              Tloc           0%         N/A       56%         1
 Foxfire                  Conj/Fire      0%         2x1d4     56%         1
 Kiss of Death            Conj/Necr      0%         2d5       56%         1
 Shock                    Conj/Air       0%         1d3       56%         1
 Blink                    Tloc           0%         N/A       69%         2
 Jinxbite                 Hex            0%         N/A       69%         2
 Lesser Beckoning         Tloc           0%         N/A       69%         2
 Mercury Vapours          Alch/Air       0%         N/A       69%         2
 Momentum Strike          Conj/Tloc      0%         3d8       69%         2
 Static Discharge         Conj/Air       0%         3-3/arc   69%         2
 Confusing Touch          Hex            0%         N/A       88%         3
 Dazzling Flash           Conj/Hex       0%         N/A       88%         3
 Fugue of the Fallen      Necr           0%         N/A       88%         3
 Gell's Gravitas          Tloc           0%         N/A       88%         3
 Inner Flame              Hex/Fire       0%         N/A       88%         3
 Mephitic Cloud           Conj/Alch/Air  0%         N/A       88%         3
 Ozocubu's Armour         Ice            0%         N/A       88%         3
 Summon Ice Beast         Ice/Summ       0%         N/A       88%         3
 Swiftness                Air            0%         N/A       88%         3
 Teleport Other           Tloc           0%         N/A       88%         3
 Tukima's Dance           Hex            0%         N/A       88%         3
 Volatile Blastmotes      Fire/Tloc      0%         2d10      88%         3
 Airstrike                Air            0%         2d(0-16)  99%         4
 Anguish                  Hex/Necr       0%         N/A       99%         4
 Animate Armour           Summ/Erth      0%         N/A       99%         4
 Cause Fear               Hex            0%         N/A       99%         4
 Dimensional Bullseye     Hex/Tloc       0%         N/A       99%         4
 Dispel Undead            Necr           0%         3d6       99%         4
 Fulminant Prism          Conj/Alch      0%         3d5       99%         4
 Iskenderun's Mystic Bla  Conj/Tloc      0%         2d3       99%         4
 Manifold Assault         Tloc           0%         N/A       99%         4
 Martyr's Knell           Necr/Summ      0%         N/A       99%         4
 Passage of Golubria      Tloc           0%         N/A       99%         4
 Petrify                  Alch/Erth      0%         N/A       99%         4
 Summon Blazeheart Golem  Fire/Summ      0%         N/A       99%         4
 Summon Lightning Spire   Summ/Air       0%         N/A       99%         4
 Vhi's Electric Charge    Tloc/Air       0%         N/A       99%         4
 Alistair's Intoxication  Alch           0%         N/A       100%        5
 Arcjolt                  Conj/Air       0%         1d10      100%        5
 Borgnjor's Vile Clutch   Necr/Erth      0%         N/A       100%        5
 Freezing Cloud           Conj/Ice/Air   0%         6-21      100%        5
 Irradiate                Conj/Alch      0%         3d11      100%        5
 Metabolic Englaciation   Hex/Ice        0%         N/A       100%        5
 Silence                  Hex/Air        0%         N/A       100%        5
 Summon Mana Viper        Hex/Summ       0%         N/A       100%        5
 Plasma Beam              Fire/Air       0%         2x1d10    100%        6
 Starburst                Conj/Fire      0%         6d3       100%        6
 Enfeeble                 Hex            0%         N/A       100%        7
 Monstrous Menagerie      Summ           0%         N/A       100%        7
 Orb of Destruction       Conj           0%         9d5       100%        7
 Ozocubu's Refrigeration  Ice            0%         4d7       100%        7
 Spellforged Servitor     Conj/Summ      0%         N/A       100%        7
 Ignition                 Fire           0%         3d3       100%        8
 Infestation              Necr           0%         N/A       100%        8
 Lehudib's Crystal Spear  Conj/Erth      0%         10d2      100%        8
 Maxwell's Capacitive Co  Air            0%         ∞         100%        8


Dungeon Overview and Level Annotations

Branches:
Dungeon (15/15)            Temple (0/1) D:4            Lair (5/5) D:10
  Swamp (4/4) Lair:3        Snake (3/4) Lair:2        Slime (0/5) Lair:4
    Orc (2/2) D:12            Elf (2/3) Orc:2        Vaults (5/5) D:14
  Crypt (0/3) Vaults:3     Depths (0/4) D:15         Bailey (visited)

Altars:
Ashenzari
Cheibriados
Dithmenos
Elyvilon
Hepliaklqana
Kikubaaqudgha
Makhleb
Nemelex Xobeh
Qazlal
Sif Muna
Trog
Uskayaw
Vehumet
Xom
Yredelemnul
Zin

Shops:
D:4 :   Orc:2 [[[(   Elf:1 [   Snake:2 :==   Vaults:4 [

Portals:
Trove: D:13 (give +8 demon trident)

Annotations:
D:5 Consumeair16's ghost, novice HOMo
D:6 1 runed translucent door
D:13 exclusions: door and 2 statues
D:14 1 exclusion
Orc:2 2 transporters, kftrendy's ghost, journeyman VSBe


Innate Abilities, Weirdness & Mutations

Your serpentine skin is tough. (AC +7)
You have supernaturally acute eyesight. (SInv)
Armour fits poorly on your strangely shaped body.
Your system is resistant to poisons. (rPois)
You cover ground very slowly.
You can exhale a cloud of poison.
You can use your snake-like lower body to constrict enemies.
You have a pair of small antennae on your head.
You have sharp fingernails.
Your tail ends in a wickedly sharp and venomous barb.
You are completely covered in iridescent scales. (AC +6)
You are very agile. (Dex +8, Str/Int -2)
You possess an exceptional clarity of mind.
Your mind is very acute. (Int +8, Str/Dex -2)
Your flesh is almost immune to the effects of cold. (rC+++)
Your body sometimes deteriorates upon taking damage.
Your flesh is very heat resistant. (rF++)
You have an increased reservoir of magic. (+10% MP)
You are robust. (+10% HP)
You are covered in fur. (AC +1)
You are resistant to electric shocks. (rElec)
Your spells are harder to cast, but more powerful.
Your movements are slightly less encumbered by armour. (ER -2)


Message History

The titan is engulfed in blazing flames.
The orc is engulfed in noxious fumes.
You block the freezing wraith's attack. x2
Unknown command.
Unknown command.
You hit the phantasmal warrior but do no damage.
The phantasmal warrior is heavily damaged.
* * * LOW HITPOINT WARNING * * *
You feel very sick.
The phantasmal warrior is engulfed in blazing flames.
The phantasmal warrior hits you.
* * * LOW HITPOINT WARNING * * *
Your willpower is stripped away!
The titan is engulfed in blazing flames.
The orc is engulfed in poison gas.
The orc is poisoned.
You kill the orc!
You block the freezing wraith's attack. x2
Unknown command.
Unknown command.
Okay, then.
You bludgeon the phantasmal warrior!!
You destroy the phantasmal warrior!
The sentinel's mark upon you fades away.
* * * LOW HITPOINT WARNING * * *
You feel very sick.
You block the freezing wraith's attack. x2
The titan is engulfed in noxious fumes.
Unknown command.
Unknown command.
Your magical effects are unravelling.
You feel magically purged.
Your hearing returns.
You feel your willpower return.
* * * LOW HITPOINT WARNING * * *
You feel very sick.
You are now a special plaything of Xom.
You block the freezing wraith's attack. x2
The titan is engulfed in poison gas.
The titan looks as sick as possible!
The titan waves its arms in wide circles.
The air twists around and strikes you!!
You die...
Xom chuckles heartily!

##.....)p?## #...... ##[....)..#
......# #...... #....)....#
......# #...... ##.Wp......#
#.....#e #...... ##)p.......#
.....# #.....# ##).......# ....#
#....## ###)...../#
#...#....#)..##
#####.:...§§##C§§#....#!)##
##..#####..§§@Wp§§#....#∆
###....######§####§§#....# #....
##.........###.# ##.#§...##.....
#..............# ##†#{...#.....#
#.).....!........##.pT....#....
#.)))..............hT9.§§§§...# ∆
###################..§..§§..#####
.... .........D..$.§§h.......
.... ............§§e§<.......


You could see a titan (extremely poisoned), an ironbound convoker (poisoned) and
a freezing wraith.

Vanquished Creatures
  A dread lich (Vaults:5)
  An ancient lich (Vaults:5)
  Saint Roka (Snake:2)
  Nikola (Swamp:1)
  2 liches (Vaults:5)
  3 tentacled monstrosities
  2 titans (Vaults:5)
  Frances (D:14)
  5 sphinxes
  3 quicksilver dragons (Vaults:5)
  An ancient champion (Vaults:3)
  A thorn hunter (Swamp:4)
  Kirke (D:12)
  6 tengu reavers
  2 storm dragons (Vaults:5)
  Aizul (Snake:1)
  A shadow dragon (Vaults:4)
  Donald (Snake:1)
  5 frost giants (Vaults:5)
  2 fire giants (Vaults:5)
  17 vault wardens
  2 deep elf sorcerers (Vaults:5)
  3 fenstrider witches (Swamp:2)
  An iron dragon (Vaults:5)
  Louise (Elf:2)
  3 orc warlords
  2 ghouls (Swamp:2)
  12 ironbound preservers
  5 ironbound thunderhulks
  5 stone giants
  A deep elf demonologist (Vaults:5)
  2 formless jellyfish
  2 very ugly things
  2 deep elf death magi
  3 bunyips
  8 dire elephants
  2 deep elf annihilators
  5 eleionomae
  4 war gargoyles
  An ettin (Vaults:4)
  A crystal guardian (Vaults:1)
  Josephine (D:12)
  2 deep elf high priests (Vaults:5)
  4 great orbs of eyes
  9 yaktaur captains
  An entropy weaver (Vaults:3)
  An ice dragon (D:10)
  Fannar (Orc:1)
  2 peacekeepers
  A rakshasa (D:15)
  A spriggan air mage (Swamp:2)
  29 vault guards
  5 alligators
  An ogre mage (Orc:2)
  13 hydras
  3 boulder beetles
  5 ghost crabs
  4 ironbound frosthearts
  4 centaur warriors
  An anaconda (Snake:2)
  8 two-headed ogres
  7 dancing weapons
  6 catoblepae
  A deep troll earth mage (Vaults:5)
  A naga warrior (Snake:1)
  2 orc high priests
  7 death yaks (Lair:5)
  A demonic crawler (D:15)
  A sphinx skeleton (Vaults:3)
  2 spriggan berserkers (Swamp:4)
  5 shock serpents
  3 naga sharpshooters
  6 skysharks
  Nergalle (Orc:1)
  A hell knight (Vaults:3)
  9 deep elf knights
  13 skeletal warriors
  A sun moth (Swamp:4)
  26 deep trolls
  3 goliath frogs
  2 glowing orange brains
  A spriggan druid (Swamp:1)
  8 swamp dragons
  An orb spider (shapeshifter) (Vaults:5)
  15 bog bodies
  12 ironbound convokers
  2 death drakes (Swamp:2)
  2 naga ritualists
  6 mana vipers
  12 lindwurms
  8 arcanists
  A necromancer (Vaults:4)
  A phantasmal warrior (Vaults:5)
  A lindwurm (shapeshifter) (Vaults:5)
  11 deep elf archers
  24 deep elf pyromancers
  18 deep elf zephyrmancers
  9 orc knights
  A wolf spider (Vaults:5)
  4 orc sorcerers (Orc:2)
  29 ugly things
  2 cyclopes
  4 manticores
  2 salamanders (Snake:2)
  7 will-o-the-wisps
  A guardian serpent (Snake:2)
  5 kobold blastminers
  26 vault sentinels
  4 naga magi (Snake:2)
  13 elephants
  9 cane toads
  18 black mambas
  A gargoyle (D:11)
  3 kobold demonologists
  2 unseen horrors
  A rime drake (Lair:5)
  2 freezing wraiths
  28 yaktaurs
  7 komodo dragons
  3 elf skeletons (Vaults:3)
  5 human skeletons (Vaults:3)
  2 hornets
  A queen bee (shapeshifter) (Elf:1)
  3 trolls
  11 tyrant leeches
  A merfolk (shapeshifter) (Vaults:4)
  A polar bear (Lair:5)
  A wolf spider simulacrum (D:15)
  16 blink frogs
  A dream sheep (shapeshifter) (D:14)
  37 slime creatures
  A snapping turtle (shapeshifter) (D:15)
  A vampire (D:11)
  A deep troll skeleton (Vaults:3)
  A spriggan (Swamp:3)
  A shadow (D:11)
  49 yaks
  3 air elementals
  A human (D:9)
  4 water elementals (Elf:1)
  3 ettin skeletons (Vaults:3)
  5 wraiths
  A basilisk (D:12)
  A fire elemental (Elf:1)
  2 redbacks (Vaults:3)
  8 wyverns
  4 hogs
  7 wargs
  9 vampire mosquitoes
  19 swamp worms
  5 acid dragons
  18 nagas
  11 water moccasins
  2 black bears
  An ice beast (D:5)
  33 orc warriors
  14 swamp drakes
  5 sky beasts
  11 ogres
  A boggart (Vaults:3)
  13 centaurs
  15 wolves
  A phantom (D:6)
  4 kobold brigands
  14 bullfrogs
  5 scorpions
  4 gnoll sergeants
  An earth elemental (Elf:1)
  3 wights (D:8)
  9 killer bees
  5 electric eels
  5 spriggan skeletons (D:11)
  A troll skeleton (D:11)
  3 howler monkeys
  3 bombardier beetles
  6 hounds
  2 lava snakes (Lair:1)
  9 jellies
  2 gnoll boudas
  21 orc priests
  4 iguanas
  A sleepcap (D:5)
  20 orc wizards
  26 gnolls
  10 adders
  A shadow imp (D:8)
  4 white imps
  An ufetubus (D:6)
  2 ribbon worms (D:2)
  93 orcs
  9 bats
  9 endoplasms
  A giant cockroach (D:1)
  14 goblins
  7 hobgoblins
  3 jackals (D:3)
  22 kobolds
  4 quokkas
  7 ball pythons
  2 frilled lizards (D:2)
  10 rats
1298 creatures vanquished.

Vanquished Creatures (collateral kills)
  A vault warden (Vaults:5)
  An ironbound preserver (Vaults:3)
  A stone giant (Vaults:4)
  An ironbound thunderhulk (Vaults:1)
  An ettin (Vaults:5)
  A yaktaur captain (Vaults:3)
  A vault guard (Vaults:5)
  3 hydras (Swamp:4)
  A peacekeeper (Vaults:3)
  A skyshark (Lair:5)
  A bog body (Swamp:4)
  A deep troll (Vaults:3)
  A deep elf archer (Elf:1)
  An orc sorcerer (Snake:2)
  2 deep elf pyromancers
  2 ugly things (Vaults:3)
  2 yaktaurs (Vaults:3)
  A troll (Snake:2)
  2 slime creatures (D:13)
  An orc warrior (Snake:2)
  A gnoll sergeant (D:8)
  A bombardier beetle (D:5)
  3 gnolls (D:8)
  3 orcs (Snake:2)
34 creatures vanquished.

Vanquished Creatures (others)
  An ironbound preserver (Vaults:5)
  An ettin (Vaults:4)
  A naga warrior (Snake:2)
  A deep elf knight (Elf:2)
  A sea snake (shapeshifter) (Vaults:5)
  A phantasmal warrior (Vaults:5)
  A deep elf zephyrmancer (Elf:2)
  A guardian serpent (D:12)
  8 bloated husks
  A tyrant leech (Swamp:2)
  A hornet (Swamp:3)
  A water elemental (Elf:2)
  3 yaks (D:10)
  3 humans (D:12)
  A swamp worm (Swamp:4)
  A lava snake (Lair:1)
  2 orc wizards
  10 orcs
  6 kobolds
  38 foxfires
83 creatures vanquished.

Grand Total: 1415 creatures vanquished

Notes
Turn   | Place    | Note
-------+----------+-------------------------------------------
     0 | D:1      | spaghetti the Naga Chaos Knight began the quest for the
                  | Orb.
     0 | D:1      | Reached XP level 1. HP: 21/21 MP: 1/1
   107 | D:1      | XOM: smoke on damage
   112 | D:1      | Reached XP level 2. HP: 28/28 MP: 2/2
   272 | D:1      | XOM: divination: magic mapping
   425 | D:1      | XOM: divination: magic mapping
   543 | D:2      | XOM: summons 2 hostile shadow creatures
   594 | D:2      | XOM: summons 4 hostile shadow creatures
   731 | D:3      | Reached skill level 4 in Fighting
   737 | D:2      | Found a faded altar of an unknown god.
   740 | D:2      | XOM: give mutations
   740 | D:2      | Gained mutation: Potions are less effective at restoring
                  | your health. [Xom's mischief]
   740 | D:2      | Gained mutation: You possess an exceptional clarity of
                  | mind. [Xom's mischief]
   740 | D:2      | Gained mutation: Your body sometimes deteriorates upon
                  | taking damage. [Xom's mischief]
   740 | D:2      | Gained mutation: You are dopey. (Int -2) [Xom's mischief]
   756 | D:2      | Reached XP level 3. HP: 19/36 MP: 3/3
   997 | D:2      | XOM: god gift: 1017 gold pieces
  1139 | D:2      | Reached XP level 4. HP: 9/45 MP: 4/4
  1313 | D:2      | Got Pit Siev's Almanac of Bolts
  1672 | D:4      | Identified the +1 robe of Polytheism {Int+2 Dex-2 Slay+3}
  1701 | D:4      | Found a staircase to the Ecumenical Temple.
  1722 | D:4      | Noticed a scorpion
  1737 | D:4      | Killed a scorpion
  1738 | D:4      | Reached skill level 5 in Fighting
  1738 | D:4      | Reached XP level 5. HP: 32/54 MP: 5/5
  2063 | D:3      | XOM: smoke on damage
  2210 | D:3      | XOM: give mutation
  2210 | D:3      | Gained mutation: Your magical capacity is low. (-10% MP)
                  | [Xom's mischief]
  2233 | D:3      | Lost mutation: Your magical capacity is low. (-10% MP)
                  | [potion of mutation]
  2233 | D:3      | Lost mutation: Your body sometimes deteriorates upon taking
                  | damage. [potion of mutation]
  2233 | D:3      | Gained mutation: You can exhale a cloud of poison. [potion
                  | of mutation]
  2233 | D:3      | Gained mutation: You expend magic power (3 MP) to
                  | strengthen your wands. [potion of mutation]
  2233 | D:3      | Gained mutation: Your body sometimes deteriorates upon
                  | taking damage. [potion of mutation]
  2241 | D:3      | Reached skill level 6 in Fighting
  2359 | D:3      | XOM: smoke on damage
  2520 | D:3      | XOM: enchant monster (good)
  2707 | D:3      | XOM: give mutations
  2707 | D:3      | Gained mutation: You are agile. (Dex +4, Str/Int -1) [Xom's
                  | mischief]
  2707 | D:3      | Gained mutation: Your tail ends in a venomous barb. [Xom's
                  | mischief]
  2915 | D:4      | Reached XP level 6. HP: 58/63 MP: 6/6
  3059 | D:4      | Found Estruiqy's Book Boutique.
  3182 | D:4      | XOM: noise
  3185 | D:4      | XOM: stat loss: -1 Str (14/15)
  3209 | D:4      | Found a shadowy altar of Dithmenos.
  3287 | D:4      | XOM: chaos cloud
  3292 | D:4      | Reached skill level 7 in Fighting
  3329 | D:4      | XOM: swap monsters
  3405 | D:4      | XOM: give mutation
  3405 | D:4      | Gained mutation: Your spells are a little easier to cast,
                  | but a little less powerful. [Xom's mischief]
  3690 | D:4      | XOM: silly message
  3762 | D:5      | XOM: stealth player
  3762 | D:5      | Entered Level 5 of the Dungeon
  3779 | D:5      | XOM: silly message
  3787 | D:5      | Reached XP level 7. HP: 47/73 MP: 7/7
  3990 | D:5      | Reached skill level 8 in Fighting
  4177 | D:5      | XOM: 2-stop teleportation journey
  4290 | D:5      | XOM: silly message
  4308 | D:5      | XOM: enchant monster (good)
  4410 | D:5      | XOM: summons friendly quasit
  4420 | D:5      | Reached skill level 9 in Fighting
  4424 | D:5      | XOM: summons 4 friendly demons
  4427 | D:5      | Reached XP level 8. HP: 54/85 MP: 8/8
  4871 | D:5      | Found a stormy altar of Qazlal.
  4871 | D:5      | Found a hide-covered altar of Uskayaw.
  5057 | D:6      | Reached skill level 10 in Fighting
  5209 | D:6      | XOM: god gift: +6 ring of strength
  5523 | D:6      | Reached skill level 11 in Fighting
  6073 | D:6      | XOM: snakes to sticks
  6075 | D:6      | XOM: enchant monster (good)
  6078 | D:6      | XOM: cast spell 'Alistair's Intoxication'
  6082 | D:6      | XOM: scenery: create altars
  6087 | D:6      | Reached XP level 9. HP: 88/97 MP: 9/9
  6112 | D:6      | Reached skill level 12 in Fighting
  6118 | D:6      | XOM: 5-stop teleportation journey
  6179 | D:6      | XOM: 3-stop teleportation journey
  6624 | D:6      | Found a runed translucent door.
  7106 | D:6      | XOM: divination: magic mapping
  7244 | D:6      | Noticed Consumeair16's ghost (novice HOMo)
  7253 | D:6      | XOM: scenery: 1 doors open
  7261 | D:6      | XOM: cleaving
  7757 | D:6      | XOM: give mutations
  7757 | D:6      | Gained mutation: You are partially covered in iridescent
                  | scales. (AC +2) [Xom's grace]
  7757 | D:6      | Gained mutation: Your flesh is cold resistant. (rC+) [Xom's
                  | grace]
  7757 | D:6      | Gained mutation: Your muscles are strong. (Str +4, Int/Dex
                  | -1) [Xom's grace]
  7757 | D:6      | Gained mutation: You are very agile. (Dex +8, Str/Int -2)
                  | [Xom's grace]
  8232 | D:7      | Found a hazy altar of Hepliaklqana.
  8427 | D:7      | Found a flagged portal.
  8435 | Bailey   | Entered a bailey
  8618 | Bailey   | Reached skill level 5 in Unarmed Combat
  8626 | Bailey   | XOM: give mutations
  8626 | Bailey   | Gained mutation: Your flesh is heat resistant. (rF+) [Xom's
                  | grace]
  8626 | Bailey   | Gained mutation: You are robust. (+10% HP) [Xom's grace]
  8668 | Bailey   | XOM: divination: magic mapping
  8731 | Bailey   | Noticed an orc knight
  8737 | Bailey   | Killed an orc knight
  8882 | Bailey   | XOM: scenery: summon butterflies
  8884 | Bailey   | Found a large runed translucent door.
  8884 | Bailey   | Found a large runed translucent door.
  8885 | Bailey   | Noticed a deep elf pyromancer
  8887 | Bailey   | Found the +7 Kryia's mail coat {PotionHeal*2 rC+}
  8989 | Bailey   | Killed a deep elf pyromancer
  8990 | Bailey   | Reached XP level 10. HP: 105/118 MP: 10/10
  9001 | Bailey   | Identified the +7 morningstar "Caympus" {speed, ^Contam rF+
                  | Str+4}
  9014 | Bailey   | XOM: god gift: 55 gold pieces
  9034 | Bailey   | XOM: god gift: 8 stones
  9135 | D:7      | XOM: summons friendly ufetubus
  9142 | D:7      | XOM: smoke on damage
  9323 | D:7      | XOM: scenery: create altars
  9348 | D:7      | XOM: potion effect (haste)
  9480 | D:7      | Found a burning altar of Makhleb.
  9689 | D:8      | Found a white marble altar of Elyvilon.
  9713 | D:8      | Found a basalt altar of Yredelemnul.
  9746 | D:8      | XOM: confuse monster(s)
  9779 | D:8      | XOM: give mutation
  9779 | D:8      | Lost mutation: Your spells are a little easier to cast, but
                  | a little less powerful. [Xom's grace]
  9822 | D:8      | XOM: give mutations
  9822 | D:8      | Gained mutation: You are mostly covered in iridescent
                  | scales. (AC +4) [Xom's grace]
  9822 | D:8      | Gained mutation: You have a pair of small antennae on your
                  | head. [Xom's grace]
  9856 | D:8      | Reached skill level 13 in Fighting
 10081 | D:8      | Found a broken altar of Ashenzari.
 10401 | D:9      | XOM: god gift: 25 gold pieces
 10406 | D:9      | XOM: god gift: 10 gold pieces
 10572 | D:9      | Noticed a two-headed ogre
 10575 | D:9      | XOM: 3-stop teleportation journey
 10579 | D:9      | XOM: confuse monster(s)
 10711 | D:9      | XOM: divine lightning
 10729 | D:9      | Killed a two-headed ogre
 10730 | D:9      | Reached skill level 14 in Fighting
 10794 | D:9      | XOM: god gift: box of beasts
 10866 | D:9      | XOM: god gift: 49 gold pieces
 10881 | D:9      | XOM: polymorph steam dragon -> adder
 10959 | D:9      | Found a snail-covered altar of Cheibriados.
 10959 | D:9      | Found a radiant altar of Vehumet.
 10974 | D:9      | XOM: 1-stop teleportation journey
 11020 | D:9      | Noticed a two-headed ogre
 11024 | D:9      | XOM: 1-stop teleportation journey
 11049 | D:9      | XOM: god gift: 17 gold pieces
 11079 | D:9      | Killed a two-headed ogre
 11080 | D:9      | Reached XP level 11. HP: 119/133 MP: 11/11
 11209 | D:9      | Reached skill level 15 in Fighting
 11292 | D:9      | XOM: summons 2 hostile shadow creatures
 11296 | D:9      | XOM: smoke on damage
 11641 | D:10     | Entered Level 10 of the Dungeon
 11654 | D:10     | XOM: cleaving
 11971 | D:10     | XOM: smoke on damage
 11977 | D:10     | XOM: divine lightning
 12130 | D:10     | XOM: 2-stop teleportation journey
 12237 | D:10     | Found a shimmering blue altar of Sif Muna.
 12272 | D:10     | Noticed a two-headed ogre
 12280 | D:10     | Killed a two-headed ogre
 12477 | D:10     | Noticed an ice dragon
 12483 | D:10     | XOM: cleaving
 12486 | D:10     | XOM: cleaving
 12491 | D:10     | Killed an ice dragon
 12492 | D:10     | Reached skill level 16 in Fighting
 12634 | D:10     | Noticed a sun demon
 12638 | D:10     | XOM: destruction
 12792 | D:10     | XOM: god gift: +0 barding of flying
 12844 | D:10     | Found a staircase to the Lair.
 13087 | D:11     | XOM: scenery: create altars
 13093 | D:11     | XOM: confuse monster(s)
 13102 | D:11     | XOM: 4-stop teleportation journey
 13118 | D:11     | XOM: swap monsters
 13119 | D:11     | XOM: swap monsters
 13405 | D:11     | Reached skill level 17 in Fighting
 13604 | D:12     | Found a broken altar of Ashenzari.
 13604 | D:12     | Noticed Kirke
 13605 | D:12     | Noticed a two-headed ogre
 13610 | D:12     | XOM: cleaving
 13618 | D:12     | Reached XP level 12. HP: 135/149 MP: 9/12
 13619 | D:12     | Killed Kirke
 13620 | D:12     | XOM: polymorph human -> guardian serpent
 13623 | D:12     | Killed a two-headed ogre
 13701 | D:12     | XOM: cloud trail
 13798 | D:12     | XOM: summons 2 friendly demons
 13816 | D:12     | Reached skill level 18 in Fighting
 14078 | D:12     | XOM: scenery: create altars
 14110 | D:12     | XOM: god gift: scroll labelled WETHRUA OGUWNUPH {god gift}
 14122 | D:12     | XOM: summons friendly iron imp
 14157 | D:12     | XOM: give mutations
 14157 | D:12     | Gained mutation: You are completely covered in iridescent
                  | scales. (AC +6) [Xom's grace]
 14157 | D:12     | Gained mutation: Your tail ends in a sharp venomous barb.
                  | [Xom's grace]
 14157 | D:12     | Gained mutation: You are covered in fur. (AC +1) [Xom's
                  | grace]
 14157 | D:12     | Gained mutation: Your tail ends in a wickedly sharp and
                  | venomous barb. [Xom's grace]
 14463 | D:12     | You are sucked into a shaft and drop 2 floors!
 14477 | D:14     | XOM: fog
 14509 | D:14     | Reached skill level 19 in Fighting
 14600 | D:14     | Found a bloodstained altar of Trog.
 14600 | D:14     | XOM: 7-stop teleportation journey
 14762 | D:14     | XOM: cloud trail
 14862 | D:14     | Noticed Frances
 14863 | D:14     | Noticed a boulder beetle
 14883 | D:14     | XOM: blink monster(s)
 14889 | D:14     | Noticed a soul eater
 14890 | D:14     | Killed Frances
 14898 | D:14     | Killed a boulder beetle
 15224 | D:14     | Noticed a boulder beetle
 15237 | D:14     | Killed a boulder beetle
 15326 | D:14     | XOM: silly message
 15564 | D:14     | Gained mutation: You can use your snake-like lower body to
                  | constrict enemies. [Naga growth]
 15564 | D:14     | Reached XP level 13. HP: 149/167 MP: 13/13
 15565 | D:14     | Noticed a vault guard
 15567 | D:14     | Found a gate to the Vaults.
 15570 | D:14     | XOM: divination: magic mapping
 15582 | D:14     | Reached skill level 20 in Fighting
 15586 | D:14     | Killed a vault guard
 15598 | D:14     | Got the Incunabulum of the Petrified Winter
 15619 | D:14     | XOM: summons 3 hostile shadow creatures
 15622 | D:14     | XOM: smoke on damage
 15943 | D:15     | Entered Level 15 of the Dungeon
 15975 | D:15     | XOM: enchant monster (bad)
 15996 | D:15     | XOM: enchant monster (bad)
 16047 | D:15     | XOM: noise
 16052 | D:15     | XOM: summons 2 friendly demons
 16315 | D:13     | Found a portal to a secret trove of treasure.
 16328 | D:13     | XOM: confuse monster(s)
 16459 | D:12     | XOM: 2-stop teleportation journey
 16866 | D:12     | Found a staircase to the Orcish Mines.
 17116 | Orc:1    | Entered Level 1 of the Orcish Mines
 17117 | Orc:1    | Noticed Josephine
 17228 | D:12     | Killed Josephine
 17229 | D:12     | Reached skill level 21 in Fighting
 17369 | Orc:1    | Noticed Fannar
 17453 | Orc:1    | Killed Fannar
 17466 | Orc:1    | Noticed Nergalle
 17474 | Orc:1    | Killed Nergalle
 17628 | Orc:1    | XOM: enchant monster (bad)
 17836 | Orc:2    | Entered Level 2 of the Orcish Mines
 17961 | Orc:2    | Found a staircase to the Elven Halls.
 18119 | Orc:2    | Noticed an orc warlord
 18147 | Orc:2    | XOM: summons friendly quasit
 18150 | Orc:2    | Killed an orc warlord
 18341 | Orc:2    | XOM: 1-stop teleportation journey
 18352 | Orc:2    | Reached XP level 14. HP: 122/177 MP: 14/14
 18557 | Orc:2    | Reached skill level 22 in Fighting
 18632 | Orc:2    | Found a transporter.
 18642 | Orc:2    | Found a transporter.
 18663 | Orc:2    | XOM: cleaving
 18786 | Orc:2    | Noticed kftrendy's ghost (journeyman VSBe)
 18823 | Orc:2    | XOM: polymorph kobold blastminer -> swamp drake
 19138 | Orc:2    | XOM: give mutations
 19138 | Orc:2    | Gained mutation: You are somewhat resistant to further
                  | mutation. [Xom's grace]
 19138 | Orc:2    | Gained mutation: Your spells are a little harder to cast,
                  | but a little more powerful. [Xom's grace]
 19138 | Orc:2    | Lost mutation: You are somewhat resistant to further
                  | mutation. [Xom's grace]
 19138 | Orc:2    | Gained mutation: You have hidden genetic potential. [Xom's
                  | grace]
 19139 | Orc:2    | Found Xaepno Guly's Antique Armour Shop.
 19543 | Orc:2    | Found Daudd's Antique Weapon Emporium.
 19545 | Orc:2    | Found Vempib's Antique Armour Shoppe.
 19639 | Orc:2    | Found Erown's Armour Shoppe.
 19713 | Orc:1    | XOM: scenery: summon butterflies
 19825 | Lair:1   | Entered Level 1 of the Lair of Beasts
 19864 | Lair:1   | XOM is BORED!
 19864 | Lair:1   | XOM: give mutations
 19864 | Lair:1   | Lost mutation: You are very agile. (Dex +8, Str/Int -2)
                  | [Xom's mischief]
 19864 | Lair:1   | Lost mutation: You are dopey. (Int -2) [Xom's mischief]
 19906 | Lair:1   | XOM: give mutations
 19906 | Lair:1   | Gained mutation: Your spells are harder to cast, but more
                  | powerful. [Xom's grace]
 19906 | Lair:1   | Gained mutation: Your spells are much harder to cast, but
                  | much more powerful. [Xom's grace]
 20049 | Lair:1   | XOM: scenery: create altars
 20170 | Lair:1   | XOM: cloud trail
 20239 | Lair:1   | XOM: 4-stop teleportation journey
 20243 | Lair:1   | XOM: snakes to sticks
 20263 | Lair:1   | XOM: scenery: summon butterflies
 20283 | Lair:1   | XOM: polymorph butterfly -> orc
 20759 | Lair:2   | XOM: snakes to sticks
 20781 | Lair:2   | XOM: cast spell 'Metabolic Englaciation'
 20786 | Lair:2   | XOM: cleaving
 20795 | Lair:2   | Reached skill level 23 in Fighting
 20799 | Lair:2   | XOM: fog
 20915 | Lair:2   | XOM: scenery: 1 doors open
 21157 | Lair:2   | XOM: cast spell 'Olgreb's Toxic Radiance'
 21340 | Lair:2   | XOM: summons 2 friendly demons
 21707 | Lair:2   | You are sucked into a shaft and drop 2 floors!
 21713 | Lair:4   | XOM: 1-stop teleportation journey
 21758 | Lair:4   | XOM: cleaving
 21859 | Lair:4   | XOM: summons 2 hostile demons
 22337 | Lair:4   | XOM: scenery: create altars
 22586 | Lair:4   | Found a staircase to the Slime Pits.
 22691 | Lair:3   | Reached skill level 24 in Fighting
 22691 | Lair:3   | Reached XP level 15. HP: 199/199 MP: 15/15
 22770 | Lair:3   | Found a staircase to the Swamp.
 22793 | Lair:3   | XOM: 2-stop teleportation journey
 22806 | Lair:3   | Found a sparkling altar of Nemelex Xobeh.
 22990 | Lair:3   | XOM: give mutations
 22990 | Lair:3   | Gained mutation: Your movements are slightly less
                  | encumbered by armour. (ER -2) [Xom's grace]
 22990 | Lair:3   | Gained mutation: Your flesh is very heat resistant. (rF++)
                  | [Xom's grace]
 22990 | Lair:3   | Gained mutation: Your flesh is very cold resistant. (rC++)
                  | [Xom's grace]
 23001 | Lair:3   | XOM: scenery: summon butterflies
 23083 | Lair:3   | XOM: scenery: 1 doors open
 23185 | Lair:3   | Reached skill level 1 in Dodging
 23726 | Lair:2   | XOM: give mutations
 23726 | Lair:2   | Gained mutation: You are very robust. (+20% HP) [Xom's
                  | grace]
 23726 | Lair:2   | Gained mutation: You have an increased reservoir of magic.
                  | (+10% MP) [Xom's grace]
 23726 | Lair:2   | Gained mutation: You are extremely robust. (+30% HP) [Xom's
                  | grace]
 23726 | Lair:2   | Gained mutation: Your muscles are very strong. (Str +8,
                  | Int/Dex -2) [Xom's grace]
 23817 | Lair:2   | Found a staircase to the Snake Pit.
 23872 | Lair:2   | XOM: polymorph yak -> swamp drake
 24064 | Lair:2   | XOM: torment (126/235 hp)
 24234 | Lair:2   | XOM: divination: detect creatures
 24679 | Lair:4   | Gained mutation: Your mind is acute. (Int +4, Str/Dex -1)
                  | [hidden potential]
 24752 | Lair:4   | XOM: scenery: 1 doors open
 24820 | Lair:5   | Entered Level 5 of the Lair of Beasts
 24882 | Lair:5   | XOM: enchant monster (good)
 24940 | Lair:5   | XOM: scenery: summon butterflies
 25120 | Lair:5   | XOM: give mutations
 25120 | Lair:5   | Gained mutation: You are covered in thick fur. (AC +2)
                  | [Xom's grace]
 25120 | Lair:5   | Gained mutation: You are resistant to electric shocks.
                  | (rElec) [Xom's grace]
 25120 | Lair:5   | Gained mutation: You are very agile. (Dex +8, Str/Int -2)
                  | [Xom's grace]
 25209 | Lair:5   | XOM: enchant monster (good)
 25331 | Lair:5   | XOM: destruction
 25479 | Lair:5   | XOM: divination: detect creatures
 25498 | Lair:5   | XOM: destruction
 25673 | Lair:5   | XOM: 1-stop teleportation journey
 25870 | Lair:5   | XOM: give mutation
 25870 | Lair:5   | Lost mutation: You are extremely robust. (+30% HP) [Xom's
                  | mischief]
 25913 | Lair:5   | XOM: silly message
 25967 | Lair:5   | Reached skill level 5 in Armour
 26175 | Lair:5   | XOM: potion effect (heal wounds)
 26203 | Lair:5   | Reached skill level 5 in Dodging
 26211 | Lair:5   | XOM: silly message
 26644 | D:10     | XOM: god gift: +0 helmet of intelligence
 26708 | Snake:1  | Entered Level 1 of the Snake Pit
 26931 | Snake:1  | XOM: give mutation
 26931 | Snake:1  | Gained mutation: Your mind is very acute. (Int +8, Str/Dex
                  | -2) [Xom's grace]
 27017 | Snake:1  | XOM: god gift: plate armour {god gift}
 27083 | Snake:1  | Identified the serpent talisman of Duextaixish {rElec Int+2
                  | Dex+2}
 27083 | Snake:1  | Noticed Aizul
 27094 | Snake:1  | Killed Aizul
 27373 | Snake:1  | XOM: cleaving
 27378 | Snake:1  | XOM: god gift: 3 silver javelins
 27667 | Snake:1  | XOM: give mutations
 27667 | Snake:1  | Lost mutation: You are very agile. (Dex +8, Str/Int -2)
                  | [Xom's mischief]
 27667 | Snake:1  | Lost mutation: You have hidden genetic potential. [Xom's
                  | mischief]
 27667 | Snake:1  | Lost mutation: Your spells are much harder to cast, but
                  | much more powerful. [Xom's mischief]
 27803 | Snake:1  | Noticed Donald
 27805 | Snake:1  | XOM: summons friendly quasit
 27812 | Snake:1  | Killed Donald
 27907 | Snake:1  | XOM: god gift: flail {god gift}
 28385 | Snake:2  | XOM: torment (87/196 hp)
 28601 | Snake:2  | XOM: fog
 28697 | Snake:2  | Noticed Saint Roka
 28701 | Snake:2  | XOM: summons 5 friendly demons
 28703 | Snake:2  | Reached XP level 16. HP: 127/211 MP: 9/17
 28930 | Snake:2  | XOM: give mutation
 28930 | Snake:2  | Gained mutation: Your flesh is almost immune to the effects
                  | of cold. (rC+++) [Xom's grace]
 28936 | Snake:2  | Found Vadghoicyr's Jewellery Shoppe.
 28937 | Snake:2  | Found Tedwof's Book Boutique.
 28938 | Snake:2  | Found Ohorelig's Jewellery Shoppe.
 29150 | Snake:2  | XOM is BORED!
 29150 | Snake:2  | XOM: swap monsters
 29153 | Snake:2  | XOM: divination: detect items
 29164 | Snake:2  | XOM: cleaving
 29171 | Snake:2  | Killed Saint Roka
 29177 | Snake:2  | XOM: give mutations
 29177 | Snake:2  | Gained mutation: You are very agile. (Dex +8, Str/Int -2)
                  | [Xom's grace]
 29177 | Snake:2  | Gained mutation: You are extremely robust. (+30% HP) [Xom's
                  | grace]
 29177 | Snake:2  | Gained mutation: Your spells are much harder to cast, but
                  | much more powerful. [Xom's grace]
 29177 | Snake:2  | Gained mutation: You have sharp fingernails. [Xom's grace]
 29717 | Snake:2  | XOM: god gift: wand of light (6)
 29889 | Snake:2  | XOM: enchant monster (good)
 29905 | Snake:2  | Reached skill level 1 in Evocations
 30156 | Snake:2  | XOM: scenery: summon butterflies
 30183 | Snake:2  | XOM: enchant monster (good)
 30508 | Snake:3  | XOM: give mutations
 30508 | Snake:3  | Lost mutation: You are extremely robust. (+30% HP) [Xom's
                  | mischief]
 30508 | Snake:3  | Lost mutation: Your spells are much harder to cast, but
                  | much more powerful. [Xom's mischief]
 30508 | Snake:3  | Lost mutation: Your muscles are very strong. (Str +8,
                  | Int/Dex -2) [Xom's mischief]
 30683 | Snake:3  | Found a glowing silver altar of Zin.
 30683 | Snake:3  | XOM: 1-stop teleportation journey
 30809 | Snake:3  | XOM: 4-stop teleportation journey
 30867 | Snake:3  | XOM: summons friendly shadow imp
 31142 | Snake:2  | XOM: god gift: 5 atropa-tipped darts
 31311 | Swamp:1  | Entered Level 1 of the Swamp
 31328 | Swamp:1  | XOM: polymorph swamp dragon -> hornet
 31338 | Swamp:1  | XOM: scenery: summon butterflies
 31431 | Swamp:1  | XOM: enchant monster (good)
 31710 | Swamp:1  | XOM: enchant monster (good)
 31848 | Swamp:1  | Noticed Nikola
 31866 | Swamp:1  | Killed Nikola
 31949 | Swamp:1  | XOM: 5-stop teleportation journey
 32285 | Swamp:2  | XOM: noise
 32337 | Swamp:2  | an eight-headed hydra changed into a fenstrider witch
 32337 | Swamp:2  | Noticed a fenstrider witch
 32337 | Swamp:2  | XOM: polymorph eight-headed hydra -> fenstrider witch
 32342 | Swamp:2  | Killed a fenstrider witch
 32475 | Swamp:2  | Noticed a tentacled monstrosity
 32487 | Swamp:2  | Killed a tentacled monstrosity
 32819 | Swamp:2  | XOM: divination: detect creatures
 32906 | Swamp:2  | XOM: silly message
 32912 | Swamp:2  | Reached skill level 5 in Evocations
 32967 | Swamp:2  | XOM: 1-stop teleportation journey
 32968 | Swamp:2  | Noticed a fenstrider witch
 32969 | Swamp:2  | Noticed a fenstrider witch
 32975 | Swamp:2  | Paralysed by a fenstrider witch for 4 turns
 32980 | Swamp:2  | Killed a fenstrider witch
 32993 | Swamp:2  | Paralysed by a fenstrider witch for 2 turns
 32996 | Swamp:2  | Killed a fenstrider witch
 33349 | Swamp:2  | Got the Reference Book on Last Rites
 33359 | Swamp:3  | XOM: stealth player
 33380 | Swamp:3  | XOM: summons friendly iron imp
 33387 | Swamp:3  | XOM: divination: magic mapping
 33773 | Swamp:2  | Identified a scroll of acquirement
 33773 | Swamp:2  | XOM: 1-stop teleportation journey
 33783 | Swamp:2  | XOM: confuse monster(s)
 33794 | Swamp:2  | Reached XP level 17. HP: 216/238 MP: 18/18
 33801 | Swamp:2  | Acquired 1391 gold pieces
 33953 | Swamp:2  | XOM: 2-stop teleportation journey
 34297 | Swamp:2  | XOM: summons 10 friendly demons
 34337 | Swamp:2  | XOM: god gift: condenser vane
 34887 | Swamp:2  | Identified the +1 sling of Bafes {heavy, rF+++ rCorr Dex-2
                  | SInv}
 35143 | D:13     | XOM: draining
 35148 | D:13     | XOM: swap monsters
 35373 | D:13     | XOM: silly message
 35583 | D:13     | Identified the +1 rapier of the Conjuring Big Fish {vamp,
                  | Will+ rCorr Str-4 Int+3}
 35623 | D:13     | XOM: summons 2 hostile shadow creatures
 35730 | D:13     | XOM: 7-stop teleportation journey
 35875 | D:13     | XOM: summons 4 hostile shadow creatures
 36194 | D:13     | XOM: 7-stop teleportation journey
 36310 | D:15     | XOM: scenery: summon butterflies
 36326 | D:15     | XOM: polymorph rakshasa -> demonic crawler
 36329 | D:15     | XOM: cleaving
 36341 | D:15     | XOM: summons 5 friendly demons
 36834 | D:15     | XOM: swap monsters
 37000 | D:14     | XOM: draining
 37018 | D:14     | HP: 3/194 [very large slime creature (37)]
 37552 | D:15     | Paralysed by an air elemental for 1 turns
 37560 | D:15     | Paralysed by an air elemental for 1 turns
 37595 | D:15     | XOM: 3-stop teleportation journey
 37835 | D:15     | Found a staircase to the Depths.
 37991 | Elf:1    | XOM: stealth player
 37991 | Elf:1    | Entered Level 1 of the Elven Halls
 38063 | Elf:1    | Reached skill level 10 in Armour
 38119 | Elf:1    | XOM: enchant monster (good)
 38267 | Elf:1    | Reached skill level 10 in Dodging
 38520 | Elf:1    | Found Ewkorawn's Antique Armour Boutique.
 38528 | Elf:1    | Bought a shiny tower shield for 255 gold pieces
 38565 | Elf:1    | Identified the +1 short sword of Exquisite Death {freeze,
                  | rPois rC+ Int+3}
 38565 | Elf:1    | Identified the ring "Fib Vont" {rC+ Str+6}
 38565 | Elf:1    | XOM: 6-stop teleportation journey
 38693 | Elf:1    | XOM: silly message
 38705 | Elf:1    | XOM: potion effect (haste)
 38724 | Elf:1    | Paralysed by an air elemental for 1 turns
 38767 | Elf:1    | XOM: divination: detect creatures
 38815 | Elf:1    | XOM: potion effect (curing)
 39454 | Elf:1    | XOM: silly message
 39455 | Elf:1    | XOM: potion effect (might)
 39460 | Elf:1    | XOM: potion effect (invisibility)
 39464 | Elf:1    | XOM: potion effect (might)
 39708 | Elf:1    | Found an ancient bone altar of Kikubaaqudgha.
 39708 | Elf:1    | Found a shimmering altar of Xom.
 39710 | Elf:1    | Found a shimmering blue altar of Sif Muna.
 39710 | Elf:1    | Found a radiant altar of Vehumet.
 39746 | Elf:1    | XOM: divination: detect items
 39767 | Elf:1    | XOM: silly message
 39873 | Elf:1    | XOM: silly message
 39947 | Elf:2    | Reached XP level 18. HP: 191/248 MP: 14/19
 39957 | Elf:2    | XOM: potion effect (might)
 39970 | Elf:2    | Noticed Louise
 40285 | Elf:2    | Killed Louise
 40311 | Elf:2    | XOM: summons 7 friendly demons
 40329 | Elf:2    | XOM: enchant monster (bad)
 40420 | Elf:1    | XOM: noise
 40666 | Elf:2    | XOM: 1-stop teleportation journey
 40672 | Elf:2    | XOM: noise
 40735 | Elf:2    | XOM: blink monster(s)
 40737 | Elf:2    | XOM: summons 9 friendly demons
 41423 | Swamp:3  | Reached skill level 1 in Shields
 41755 | Swamp:3  | XOM: noise
 42006 | Swamp:4  | Entered Level 4 of the Swamp
 42025 | Swamp:4  | XOM: enchant monster (good)
 42102 | Swamp:4  | XOM: summons friendly iron imp
 42323 | Swamp:4  | XOM: confuse monster(s)
 42360 | Swamp:4  | XOM: summons friendly iron imp
 42421 | Swamp:4  | XOM: enchant monster (bad)
 42430 | Swamp:4  | Reached skill level 5 in Shields
 42438 | Swamp:4  | XOM: stat loss: -1 Dex (15/16)
 42525 | Swamp:4  | XOM: polymorph swamp dragon -> sun moth
 42999 | Swamp:4  | XOM: enchant monster (bad)
 43000 | Swamp:4  | XOM: torment (121/248 hp)
 43067 | Swamp:4  | XOM: give mutation
 43067 | Swamp:4  | Lost mutation: You are covered in thick fur. (AC +2) [Xom's
                  | mischief]
 43248 | Swamp:4  | Got a decaying rune of Zot
 43562 | Vaults:1 | Entered Level 1 of the Vaults
 43588 | Vaults:1 | XOM: fog
 43665 | Vaults:1 | XOM: divination: detect items
 43671 | Vaults:1 | XOM: fake destruction
 43698 | Vaults:1 | XOM: summons 5 hostile demons
 43966 | Vaults:1 | XOM: divination: magic mapping
 43988 | Vaults:1 | XOM: summons 9 friendly demons
 43998 | Vaults:1 | XOM: enchant monster (bad)
 44059 | Vaults:1 | XOM: silly message
 44244 | Vaults:1 | XOM: potion effect (curing)
 44388 | Vaults:1 | Reached XP level 19. HP: 259/259 MP: 20/20
 44488 | Vaults:1 | XOM: enchant monster (bad)
 44492 | Vaults:1 | XOM: enchant monster (bad)
 44503 | Vaults:1 | Reached skill level 10 in Shields
 44506 | Vaults:1 | XOM: blink monster(s)
 44826 | Vaults:1 | XOM: 4-stop teleportation journey
 45185 | Vaults:1 | XOM: scenery: 2 doors close
 45187 | Vaults:1 | XOM: summons 4 friendly demons
 45751 | Vaults:1 | XOM: fog
 45754 | Vaults:1 | Paralysed by a formless jellyfish for 1 turns
 46412 | Vaults:2 | XOM is BORED!
 46459 | Vaults:2 | You are sucked into a shaft and drop 2 floors!
 46775 | Vaults:3 | Identified the ring "Femusi" {rC+ Str+2}
 46776 | Vaults:3 | Identified the +9 falchion "Omoto" {freeze, rN+ Str+4
                  | Dex+2}
 46779 | Vaults:3 | XOM: confuse monster(s)
 46887 | Vaults:3 | XOM: summons friendly shadow imp
 47439 | Vaults:2 | XOM: enchant monster (good)
 47541 | Vaults:2 | XOM: confuse monster(s)
 47620 | Vaults:2 | XOM: noise
 47844 | Vaults:3 | Reached XP level 20. HP: 227/270 MP: 19/22
 47922 | Vaults:3 | XOM: summons 2 friendly demons
 48059 | Vaults:3 | XOM: enchant monster (good)
 48061 | Vaults:3 | XOM: polymorph orc warlord -> shapeshifter
 48227 | Vaults:3 | XOM: give mutations
 48227 | Vaults:3 | Lost mutation: You expend magic power (3 MP) to strengthen
                  | your wands. [Xom's mischief]
 48227 | Vaults:3 | Lost mutation: Potions are less effective at restoring your
                  | health. [Xom's mischief]
 48227 | Vaults:3 | Lost mutation: Your muscles are strong. (Str +4, Int/Dex
                  | -1) [Xom's mischief]
 48227 | Vaults:3 | Lost mutation: You are very robust. (+20% HP) [Xom's
                  | mischief]
 48297 | Vaults:3 | XOM: divination: magic mapping
 48692 | Vaults:3 | XOM: divination: magic mapping
 48727 | Vaults:3 | XOM: cast spell 'Discord'
 48730 | Vaults:3 | Reached skill level 15 in Shields
 48845 | Vaults:3 | XOM: enchant monster (good)
 48916 | Vaults:3 | XOM: destruction
 48918 | Vaults:3 | XOM: summons friendly crimson imp
 48983 | Vaults:3 | XOM: god gift: 30 gold pieces
 49022 | Vaults:3 | XOM: divination: detect items
 49107 | Vaults:3 | Found a staircase to the Crypt.
 49522 | Vaults:4 | Found Xetaum's Armour Shop.
 49529 | Vaults:4 | XOM: confuse monster(s)
 49619 | Vaults:4 | Bought a +2 pair of gloves for 313 gold pieces
 49681 | Vaults:4 | XOM: confuse monster(s)
 49699 | Vaults:4 | XOM: 8-stop teleportation journey
 50109 | Vaults:4 | XOM: summons 4 friendly demons
 50219 | Vaults:4 | XOM: draining
 50244 | Vaults:4 | XOM: polymorph ironbound frostheart -> ironbound frostheart
 50608 | Vaults:5 | Entered Level 5 of the Vaults
 50617 | Vaults:4 | XOM: divination: magic mapping
 50620 | Vaults:4 | XOM: divination: magic mapping
 50628 | Vaults:4 | XOM: cast spell 'Olgreb's Toxic Radiance'
 50682 | Vaults:4 | XOM: noise
 50714 | Vaults:5 | XOM: enchant monster (good)
 50722 | Vaults:4 | XOM: blink monster(s)
 50735 | Vaults:4 | XOM: potion effect (heal wounds)
 50878 | Vaults:5 | Noticed a dread lich
 50900 | Vaults:5 | Noticed an ancient lich
 50960 | Vaults:5 | XOM: enchant monster (bad)
 51031 | Vaults:5 | XOM: divination: detect items
 51036 | Vaults:5 | XOM: cast spell 'Summon Ice Beast'
 51042 | Vaults:5 | XOM: cast spell 'Animate Armour'
 51063 | Vaults:5 | XOM: potion effect (magic)
 51100 | Vaults:5 | Killed an ancient lich
 51122 | Vaults:5 | XOM: potion effect (attraction)
 51150 | Vaults:5 | XOM: draining
 51366 | Vaults:5 | XOM: chaos upgrade
 51629 | Vaults:5 | Reached XP level 21. HP: 171/234 MP: 19/23
 51778 | Vaults:5 | XOM: blink monster(s)
 51785 | Vaults:5 | XOM: summons 2 friendly demons
 51803 | Vaults:5 | XOM: enchant monster (bad)
 51805 | Vaults:5 | XOM: chaos upgrade
 51814 | Vaults:5 | XOM: divination: detect creatures
 51853 | Vaults:5 | XOM: divination: detect items
 51855 | Vaults:5 | XOM: god gift: wand of mindburst (4)
 52031 | Vaults:5 | XOM: 1-stop teleportation journey
 52081 | Vaults:5 | XOM: cast spell 'Chain of Chaos'
 52109 | Vaults:5 | XOM: 4-stop teleportation journey
 52438 | Vaults:5 | Identified the +7 long sword "Axij" {holy, Str+2}
 52449 | Vaults:5 | XOM: summons friendly quasit
 52458 | Vaults:5 | XOM: polymorph orange demon -> lemure
 52464 | Vaults:5 | Paralysed by a dread lich for 2 turns
 52466 | Vaults:5 | XOM: 10-stop teleportation journey
 52536 | Vaults:4 | XOM: summons 3 hostile shadow creatures
 52969 | Vaults:5 | Identified the ring "Baseupp" {Fly Will- Slay+6}
 53094 | Vaults:4 | XOM: scenery: 2 doors open
 53098 | Vaults:4 | XOM: enchant monster (bad)
 53258 | Vaults:4 | XOM: enchant monster (good)
 53260 | Vaults:4 | XOM: smoke on damage
 53269 | Vaults:4 | XOM: summons 9 friendly demons
 53283 | Vaults:4 | XOM: divination: detect items
 53717 | Vaults:5 | XOM: potion effect (heal wounds)
 53719 | Vaults:5 | XOM: potion effect (might)
 53731 | Vaults:5 | XOM: confuse monster(s)
 53801 | Vaults:5 | XOM: enchant monster (bad)
 53812 | Vaults:5 | XOM: noise
 53813 | Vaults:5 | XOM: summons 2 friendly demons
 53816 | Vaults:5 | Killed a dread lich
 53839 | Vaults:5 | HP: 12/253 [phantasmal warrior (1)]
 53841 | Vaults:5 | Killed from afar by a titan

Illustrated notes

Levels and vault maps discovered:
D:1:      pf_arrival_petrified_forest, layout_basic
D:2:      layout_basic, chequers_ecumenical_altar_simple, minmay_misc_feat_iff
D:3:      layout_basic, minmay_fractal_squares_gapless_5
D:4:      layout_loops_ring, nicolae_overflow_hidden_temple,
          minmay_temple_entry_grid, serial_shops, shop
D:5:      layout_basic, amethyst_overflow_temple_binary, grunt_decor_fettered
D:6:      layout_basic, gammafunk_ghost_grave, nrook_campfire,
          minmay_alternating_orb
D:7:      layout_loops_ring, lemuel_round_altar, mainiacjoe_overflow_alcove_4,
          enter_bailey_3, nicolae_twisty_statue_hallways
D:8:      layout_gridville, mainiacjoe_overflow_24_doors,
          nicolae_elyvilon_peaceful_grove, lemuel_tele_altar
D:9:      layout_irregular_city, mainiacjoe_overflow_divided_tiny,
          grunt_livestock
D:10:     dragon1_lemuel, layout_rooms, tgw_sif, erik_lair_dragon
D:11:     layout_big_octagon, hangedman_tell_no_tales
D:12:     layout_rooms, orc_david_3, evilmike_ruin_ashenzari, uniq_kirke
D:13:     layout_cave_pools, enter_trove_1, minmay_dual_archer_statues
D:14:     layout_loops_ring, david_vaults_5,
          nicolae_concentric_dashed_squares_mild, drop_trap, tgw_trog,
          uniq_frances
D:15:     gammafunk_enter_depths_forms, layout_rooms,
          serial_library_hellmonk_semicircle, dreamdust_looks_like_rain
Lair:1:   layout_regular_city, nicolae_lair_liquid_snakes
Lair:2:   beargit_carnivore_pack, layout_cave_pods, nicolae_snake_entry_squirm,
          nicolae_quartered_pool_super, grunt_megastairs_4
Lair:3:   layout_regular_city, skrybe_swamp_entry_bodies, basic_altar,
          chequers_serial_rivers_large_a, chequers_serial_rivers_room_a
Lair:4:   layout_regular_city, nicolae_slime_entry_slimehenge,
          grunt_forest_stairs_basic, columned_hall_lemuel, lemuel_fruit_tree
Lair:5:   evilmike_catoblepas_cave, layout_regular_city, st_stairs_12,
          serial_bayou_shore_a, grunt_megastairs_1, infiniplex_staircase_pool
Swamp:1:  layout_falls_marsh, hangedman_swamp_ruin_wall,
          nicolae_swamp_decorative_isthmus, uniq_nikola
Swamp:2:  regret_index_all_hallows'_manor, layout_basic_swamp,
          nicolae_swamp_dense_foliage
Swamp:3:  layout_basic_swamp, evilmike_swamp_ruin_house_1, swamp_pool_4,
          nicolae_swamp_stair_fork, nicolae_swamp_little_tower
Swamp:4:  swamp_basic_johnstein, layout_basic_swamp
Snake:1:  layout_layer_cave, drop_trap, nicolae_snake_gridmaze_spiral,
          uniq_aizul, uniq_donald
Snake:2:  layout_cave_shapes, nicolae_integral_box, minmay_shop_grove,
          uniq_saint_roka
Snake:3:  layout_basic, basic_altar, hangedman_feature_mirror,
          serial_bayou_pond_e, nicolae_snake_biting_tails,
          nicolae_snake_gridmaze_big_u, drop_trap,
          nrook_guardian_serpent_ordinary, uniq_vashnia
Orc:1:    layout_diamond_mine, uniq_fannar, uniq_nergalle, uniq_josephine
Orc:2:    grunt_orc_community_town_hall, layout_diamond_mine,
          grunt_orc_community_big_house_2, grunt_orc_community_big_house_1,
          grunt_orc_community_house_2, grunt_orc_community_house_1,
          grunt_orc_community_house_3, grunt_orc_community_house_1,
          gammafunk_ghost_stat_death, blackcustard_mines_bat_river
Elf:1:    minmay_the_grid_octo_tiled_octocenter_mashed
          [minmay_the_grid_octo_shrine, minmay_the_grid_octo_checkered,
          minmay_the_grid_octo_vomiting_pacman, minmay_the_grid_octo_odd_swirl,
          minmay_the_grid_octo_prize_big_c, minmay_the_grid_square_5x5_comb,
          minmay_the_grid_square_5x5_spiral_small,
          minmay_the_grid_square_5x5_checkered,
          minmay_the_grid_square_5x5_three_walls], layout_gridlike,
          serial_shops, nicolae_shop_stone, mu_enter_wizlab_2, evilmike_minifort
Elf:2:    nicolae_elf_blades_splatter_lattice
          [nicolae_blade_entry_area_security], layout_loops_ring,
          small_statue_intersection, uniq_louise
Vaults:1: v_misc_11, vaults_dpeg_spiral, nicolae_vaults_house_1,
          nicolae_vaults_stairing_the_circle, vaults_dpeg_emergency_exit,
          vaults_mumra_chevron, v_misc_28, ontoclasm_vaults_ligature,
          layout_vaults_omnigrid
Vaults:2: hangedman_vaults_cutoff, vaults_room_fours, ontoclasm_vaults_gateway,
          v_misc_8, v_pattern_1, grunt_vaults_hallway_short, v_rooms_1,
          nicolae_vaults_sesquioval_fish, layout_vaults_big_room
Vaults:3: nicolae_vaults_prndl, v_misc_5, minmay_crypt_entry_skeletal_spiral,
          v_misc_28, nicolae_vaults_apartment_1, nicolae_vaults_circle_grid_b,
          nicolae_vaults_wine_cellar, nicolae_vaults_tangram_1,
          nicolae_vaults_tetromino_L_2, hangedman_vaults_snaps,
          ontoclasm_vaults_eye, nicolae_vaults_three_branches,
          nicolae_vaults_layer_cake_slice, st_hourglassy,
          layout_vaults_maze_bifur
Vaults:4: ontoclasm_vaults_fire_temple, dpeg_vaults_monster_box, v_misc_1,
          nicolae_vaults_disjoint_gnomons, ontoclasm_vaults_loading_screen,
          nicolae_vaults_surprise_closet, hangedman_vaults_unwind,
          nicolae_vaults_apartment_1, v_misc_16, v_rooms_5, vaults_room_pool,
          layout_vaults_omnibox
Vaults:5

Skill      XL: |  1  2  3  4  5  6  7  8  9 10 11 12 13 14 15 16 17 18 19 20 21 |
---------------+----------------------------------------------------------------+-----
Fighting       | 4 5 6 7 9 11 12 14 17 19 21 24 | 24.1
Unarmed Combat | 8 |  8.0
Dodging        | 6 8 11 | 11.5
Armour         | 6 9 11 | 11.6
Evocations     | 5 7 |  7.0
Shields        | 9 14 17 20 | 20.0

Action                     |  1- 3 |  4- 6 |  7- 9 | 10-12 | 13-15 | 16-18 | 19-21 || total
---------------------------+-------+-------+-------+-------+-------+-------+-------++-------
  Melee: Unarmed           |   139 |   124 |   312 |       |       |       |       ||   575
         Punch             |     5 |     5 |    11 |    26 |    82 |    92 |       ||   221
         Morningstar       |       |       |       |   440 |   844 |  1120 |  1251 ||  3655
         Constrict         |       |       |       |       |   213 |   242 |   222 ||   677
  Throw: Stone             |       |       |       |    19 |    25 |       |       ||    44
         Javelin           |       |       |       |       |    10 |    22 |     1 ||    33
         Dart              |       |       |       |       |       |    45 |       ||    45
Ability: Spit Poison       |    28 |    16 |       |       |       |       |       ||    44
         Breathe Poison Ga |       |     5 |    20 |    15 |    26 |    58 |    69 ||   193
  Evoke: Wand              |       |       |     2 |     3 |     2 |     3 |    24 ||    34
         Box of beasts     |       |       |       |     1 |     2 |     4 |     5 ||    12
         Phantom mirror    |       |       |       |       |       |     3 |     4 ||     7
         Condenser vane    |       |       |       |       |       |     3 |     4 ||     7
         Tin of tremorston |       |       |       |       |       |     2 |     4 ||     6
    Use: Scroll            |     4 |     2 |     7 |     7 |    10 |    11 |    13 ||    54
         Potion            |     4 |     1 |     6 |     4 |     2 |     5 |    23 ||    45
   Stab: Petrified         |       |     1 |       |       |       |     8 |     5 ||    14
         Sleeping          |       |       |     1 |       |       |     1 |       ||     2
         Invisible         |       |       |     2 |       |       |     4 |     1 ||     7
         Confused          |       |       |       |       |     1 |     1 |     2 ||     4
         Paralysed         |       |       |       |       |       |     4 |       ||     4
         Distracted        |       |       |       |       |       |       |     5 ||     5
 Armour: Leather armour    |   129 |     6 |       |       |       |       |       ||   135
         Robe              |       |    78 |   307 |       |       |       |       ||   385
         Scale mail        |       |       |       |   593 |  1360 |  1916 |  1174 ||  5043
  Dodge: Dodged            |    71 |    51 |   146 |   196 |   346 |   732 |   455 ||  1997
  Block: Tower shield      |       |       |       |       |       |   468 |  1826 ||  2294
